Map: Newkirk Precinct TE (Void)

Players

Soulhunter

  • Race: Protoss Protoss
  • League: Silver
  • Spawn Location: 7:00

Galaxus - Winner!

  • Race: Terran Terran
  • Spawn Location: 5:00

VOD

Have the link to the VOD?

Description

Time

  • Played on: March 19, 2017, 5:54 a.m.
  • Length: 22:04
Show
View Real Time Build Order
Export as new Build Order

Soulhunter Protoss 

Build Orders: 1 Gate Expand 

Get SALT Encoding   

  12  0:02  Probe (Chrono Boost)  
  13  0:13  Probe (Chrono Boost)  
  14  0:19  Pylon  
  14  0:23  Probe (Chrono Boost)  
  15  0:37  Gateway  
  15  0:46  Probe (Chrono Boost)  
  17  0:57  Probe (Chrono Boost), Assimilator  
  17  1:07  Probe (Chrono Boost)  
  18  1:19  Pylon  
  18  1:29  Nexus  
  18  1:37  Pylon  
  19  1:40  Probe (Chrono Boost)  
  19  1:50  Probe (Chrono Boost)  
  20  2:00  Cybernetics Core  
  20  2:01  Probe (Chrono Boost)  
  21  2:12  Assimilator  
  21  2:16  Zealot  
  21  2:20  Probe (Chrono Boost)  
  24  2:31  Probe (Chrono Boost)  
  25  2:41  Gateway  
  25  2:45  Gateway  
  25  2:54  Pylon  
  25  2:56  Probe (Chrono Boost)  
  26  3:06  Gateway  
  26  3:09  Pylon  
  26  3:10  Warp Gate  
  26  3:15  Probe x2 (Chrono Boost)  
  28  3:25  Probe (Chrono Boost)  
  28  3:26  Probe (Chrono Boost)  
  30  3:36  Probe (Chrono Boost)  
  31  3:41  Forge  
  31  3:44  Pylon  
  31  3:49  Twilight Council  
  31  3:53  Stargate  
  31  3:58  Pylon  
  31  4:04  Pylon  
  31  4:08  Mothership Core (Chrono Boost)  
  33  4:11  Pylon  
  33  4:15  Pylon  
  33  4:26  Charge  
  33  4:41  Photon Cannon  
  33  4:44  Photon Cannon  
  33  4:53  Oracle  
  36  5:03  Zealot x2  
  36  5:04  Zealot x2  
  44  5:09  Probe (Chrono Boost)  
  44  5:10  Probe (Chrono Boost)  
  46  5:20  Probe (Chrono Boost)  
  48  5:23  Probe (Chrono Boost)  
  48  5:30  Probe (Chrono Boost)  
  48  5:32  Oracle  
  48  5:35  Probe (Chrono Boost)  
  53  5:50  Photon Cannon  
  53  5:54  Probe (Chrono Boost)  
  53  5:56  Probe (Chrono Boost)  
  55  6:05  Probe (Chrono Boost)  
  55  6:08  Probe (Chrono Boost)  
  55  6:10  Assimilator  
  57  6:15  Probe (Chrono Boost), Pylon  
  57  6:17  Pylon  
  58  6:21  Assimilator  
  58  6:25  Pylon  
  58  6:27  Pylon  
  58  6:30  Probe (Chrono Boost)  
  58  6:31  Probe (Chrono Boost)  
  60  6:33  Stalker  
  60  6:34  Stalker x3  
  68  6:40  Probe (Chrono Boost)  
  68  6:46  Robotics Facility  
  69  6:53  Pylon  
  69  6:56  Pylon  
  69  7:05  Probe (Chrono Boost)  
  70  7:08  Stalker x3  
  70  7:09  Stalker  
  78  7:23  Protoss Ground Armor Level 1  
  78  7:44  Resonating Glaives  
  78  7:50  Adept x3  
  78  7:51  Adept  
  86  8:07  Gateway  
  86  8:09  Pylon  
  86  8:10  Pylon  
  86  8:31  Zealot x3  
  86  8:32  Zealot  
  95  8:41  Observer  
  93  9:02  Observer  
  93  9:21  Zealot x4  
  101  9:34  Probe (Chrono Boost)  
  102  9:45  Probe (Chrono Boost)  
  103  9:50  Pylon  
  103  9:54  Nexus  
  103  9:57  Pylon  
  103  9:59  Pylon  
  103  10:00  Assimilator  
  103  10:05  Pylon  
  103  10:07  Pylon  
  103  10:10  Assimilator  
  103  10:12  Pylon  
  103  10:14  Pylon  
  103  10:15  Probe (Chrono Boost)  
  103  10:16  Probe (Chrono Boost)  
  105  10:24  Gateway  
  105  10:25  Probe (Chrono Boost), Gateway  
  105  10:26  Gateway  
  107  10:28  Probe (Chrono Boost)  
  107  10:29  Gateway  
  107  10:30  Gateway  
  107  10:37  Gateway  
  107  10:41  Zealot  
  107  10:42  Zealot x4  
  117  10:52  Void Ray  
  121  11:09  Adept x4  
  121  11:10  Adept  
  131  11:30  Photon Cannon  
  131  11:31  Photon Cannon  
  131  11:33  Photon Cannon  
  131  11:38  Probe x2 (Chrono Boost)  
  134  11:40  Probe (Chrono Boost)  
  134  11:49  Probe x2 (Chrono Boost)  
  134  11:52  Probe (Chrono Boost)  
  137  11:57  Adept  
  137  11:58  Adept x3  
  137  11:59  Probe (Chrono Boost), Adept x3  
  108  12:18  Zealot x3  
  108  12:19  Zealot x4  
  108  12:53  Zealot x4  
  108  12:54  Zealot x4  
  115  13:16  Adept x5  
  115  13:17  Adept x2  
  117  13:21  Void Ray  
  117  13:31  Immortal  
  99  14:09  Forge  
  89  14:12  Cybernetics Core  
  89  14:13  Gateway  
  89  14:14  Gateway  
  89  14:16  Gateway  
  85  14:21  Stargate  
  82  14:46  Nexus  
  82  14:50  Pylon  
  82  14:52  Pylon  
  79  15:20  Adept  
  79  15:21  Adept x4  
  79  16:00  Void Ray  
  83  16:10  Pylon  
  83  16:13  Pylon  
  83  16:15  Pylon  
  83  16:17  Pylon  
  65  16:48  Adept  
  65  16:49  Adept x3  
  50  17:17  Gateway  
  50  17:19  Gateway  
  50  17:21  Gateway  
  47  17:23  Gateway  
  47  17:27  Photon Cannon  
  47  17:29  Gateway  
  41  17:30  Gateway  
  41  17:33  Cybernetics Core  
  41  17:37  Twilight Council  
  36  17:41  Assimilator  
  29  18:02  Zealot x2  
  33  19:00  Zealot x4  
  39  19:15  Zealot x2  
  33  19:34  Zealot x3  
  33  19:35  Zealot  
  33  20:10  Nexus  
  33  20:15  Pylon  
  33  20:16  Pylon  
  33  20:18  Pylon  
  33  20:19  Pylon  
  33  20:20  Pylon  
  33  20:31  Pylon  
  33  20:32  Pylon  
  30  20:47  Cybernetics Core  
  23  21:23  Probe (Chrono Boost)  
  24  21:34  Probe (Chrono Boost)  
  24  21:38  Nexus  
  25  21:43  Pylon  
Show
View Real Time Build Order
Export as new Build Order

Galaxus Terran - Winner!

Build Orders: MMM Bio 

Get SALT Encoding   

  12  0:19  Supply Depot  
  12  0:24  Refinery  
  12  1:00  Barracks  
  12  1:05  SCV  
  13  1:17  SCV  
  13  1:18  Supply Depot  
  14  1:24  Barracks  
  14  1:29  SCV  
  15  1:49  Supply Depot  
  15  1:54  Refinery  
  15  1:55  SCV  
  15  1:56  Marine  
  17  2:14  Marine  
  18  2:24  Marine  
  19  2:33  SCV  
  20  2:39  Factory  
  20  2:45  Barracks Tech Lab  
  20  2:47  Marine  
  21  2:52  SCV  
  22  3:05  Marine  
  23  3:18  Marauder  
  25  3:22  Marine  
  26  3:34  Stimpack  
  26  3:40  Starport  
  26  3:44  Marauder, Marine  
  29  4:02  Engineering Bay, SCV  
  30  4:06  Marine  
  31  4:11  Marauder  
  33  4:20  Medivac  
  35  4:40  Missile Turret  
  35  4:47  Barracks Tech Lab, Marine  
  36  4:54  Medivac  
  38  5:07  Missile Turret  
  38  5:14  Orbital Command  
  39  5:21  Marine  
  39  5:26  Combat Shields  
  39  5:29  Missile Turret  
  39  6:04  Missile Turret  
  39  6:12  Supply Depot  
  39  6:16  Supply Depot  
  39  6:27  Missile Turret  
  39  6:33  Marine x2  
  41  6:46  Command Center  
  41  6:51  Marauder  
  43  6:57  Marine  
  44  7:13  Marauder  
  46  7:29  Missile Turret  
  46  7:36  Marine  
  47  7:38  Marauder  
  49  8:10  Marine  
  49  8:11  Marine  
  49  8:12  Concussive Shells  
  51  8:29  Marauder  
  51  8:30  Marauder  
  51  8:33  Medivac  
  57  8:50  Marine  
  58  8:58  Marine  
  59  9:08  Marauder  
  61  9:16  Marauder, Medivac  
  65  9:23  Supply Depot  
  65  9:29  Marine  
  66  9:39  Marine  
  66  9:43  Factory Tech Lab  
  67  9:46  Supply Depot  
  67  9:47  Marauder  
  67  9:50  SCV  
  70  9:58  Terran Infantry Weapons Level 1, Engineering Bay  
  70  10:02  SCV  
  71  10:14  SCV  
  71  10:18  Siege Tank  
  75  10:26  Terran Infantry Armor Level 1  
  75  10:58  Marine x2  
  74  11:16  Marine  
  74  11:17  Marauder  
  69  12:30  Marine x2  
  67  12:48  Marauder, Marine  
  67  13:05  Marine  
  67  13:09  Marine  
  69  13:14  Armory  
  69  13:24  Marauder  
  71  13:27  Marine  
  65  13:47  Refinery  
  44  14:41  Orbital Command  
  44  14:46  Factory Tech Lab  
  43  14:55  Barracks Tech Lab  
  31  15:45  Starport Tech Lab  
  31  15:56  Marine  
  30  16:08  Orbital Command  
  30  16:33  Marine  
  23  16:51  Marine  
  24  16:56  Marine  
  23  17:09  SCV, Marine  
  25  17:21  SCV  
  26  17:24  Marine  
  26  17:27  Marine  
  28  17:33  SCV  
  29  17:42  Marine  
  30  17:50  Command Center  
  30  18:05  Supply Depot  
  29  18:24  Marauder  
  28  18:44  Orbital Command  
  28  18:45  Marine  
  28  19:10  SCV  
  27  19:22  SCV  
  25  19:42  Supply Depot  
  25  19:43  Supply Depot  
  23  20:05  SCV  
  24  20:14  Command Center, Supply Depot  
  24  20:17  SCV  
  24  20:18  Marine  
  26  20:35  Marine  
  27  20:53  Marine  
  28  21:12  Marauder  
  30  21:50  SCV  
Tags
 
Add a new tag
Caveats
  • Supply blocks, unpowered buildings, or Contaminate may cause inaccurate times.
  • Supply counts are checked every 10 seconds.